Map: [ESL] Alcyone

Players

Cham

  • Race: Zerg Zerg
  • Spawn Location: 7:00

Scarlett - Winner!

  • Race: Zerg Zerg
  • Spawn Location: 1:00

Event: ESL SC2 Masters 2023 Winter (Finals)

VOD

Have the link to the VOD?

Description

Time

  • Played on: Dec. 15, 2023, 5:59 p.m.
  • Length: 19:46

All games in this series

Show
View Real Time Build Order
Export as new Build Order

Cham Zerg 

Build Orders: Hatch First, Roach Nydus 

Get SALT Encoding   

  12  0:00  Drone  
  13  0:12  Overlord  
  13  0:17  Drone  
  14  0:31  Drone x2  
  16  0:49  Hatchery  
  15  0:51  Drone  
  15  0:55  Drone  
  17  1:09  Spawning Pool  
  16  1:12  Drone  
  16  1:15  Extractor  
  16  1:16  Drone  
  17  1:21  Drone  
  18  1:33  Drone  
  19  1:43  Drone  
  20  1:50  Drone  
  21  2:00  Queen x2  
  25  2:02  Drone, Overlord  
  26  2:18  Drone x2  
  26  2:22  Drone  
  29  2:25  Drone  
  30  2:35  Overlord  
  30  2:36  Drone  
  31  2:39  Lair  
  31  2:41  Extractor, Queen  
  32  2:46  Roach Warren  
  32  2:47  Drone  
  32  2:53  Evolution Chamber  
  32  2:55  Drone x2  
  33  2:59  Drone  
  34  3:06  Drone  
  34  3:08  Drone x3  
  38  3:13  Overlord  
  38  3:22  Overlord  
  38  3:30  Roach  
  38  3:31  Roach x2  
  44  3:37  Roach x2  
  44  3:40  Nydus Network  
  47  3:44  Roach  
  49  3:51  Overlord  
  49  3:52  Roach  
  51  3:56  Roach x2  
  51  4:02  Evolution Chamber  
  54  4:04  Roach  
  56  4:16  Nydus Canal  
  56  4:21  Overlord  
  56  4:22  Roach x2  
  60  4:24  Overlord  
  60  4:26  Overlord  
  60  4:29  Overlord  
  60  4:41  Nydus Canal  
  60  4:43  Roach x2  
  64  4:48  Roach  
  64  4:52  Roach  
  68  4:59  Roach  
  66  5:02  Drone x3, Queen  
  59  5:13  Drone x2  
  51  5:15  Queen  
  51  5:17  Extractor  
  51  5:18  Extractor  
  45  5:21  Spine Crawler  
  45  5:22  Drone  
  45  5:24  Drone  
  46  5:30  Drone  
  46  5:32  Spine Crawler  
  46  5:39  Spire  
  46  5:41  Roach  
  47  5:45  Drone  
  47  5:46  Drone  
  49  5:50  Drone  
  49  5:53  Metabolic Boost  
  49  5:56  Drone  
  52  6:02  Spine Crawler  
  52  6:03  Roach  
  53  6:09  Zergling x2  
  53  6:10  Zergling x2  
  53  6:11  Zergling x4  
  57  6:16  Zergling x2  
  58  6:18  Zergling x2  
  58  6:23  Zergling x6  
  62  6:26  Zergling x2  
  62  6:32  Overlord  
  63  6:50  Drone x2  
  63  6:53  Mutalisk  
  63  6:54  Mutalisk x3  
  65  6:57  Mutalisk x2  
  77  7:05  Mutalisk x2  
  81  7:08  Overlord  
  81  7:12  Overlord  
  81  7:25  Hatchery  
  80  7:30  Drone x3  
  83  7:54  Overlord  
  83  7:55  Overlord  
  83  7:56  Zerg Missile Weapons Level 1  
  83  7:57  Drone x2  
  83  7:58  Drone x2  
  87  7:59  Drone x2, Roach Warren  
  88  8:06  Drone x2  
  88  8:10  Drone x2  
  92  8:14  Overlord  
  92  8:20  Drone, Overlord  
  90  8:29  Drone  
  91  8:34  Drone  
  91  8:37  Queen  
  91  8:39  Roach x2  
  91  8:41  Roach  
  100  8:42  Unknown  
  100  8:46  Glial Reconstitution  
  100  8:48  Roach x2  
  103  8:50  Nydus Canal  
  103  8:51  Roach  
  105  8:58  Roach x2  
  109  9:04  Overlord  
  109  9:09  Roach  
  111  9:10  Roach  
  111  9:13  Roach x2  
  111  9:14  Roach x2  
  111  9:20  Roach  
  107  9:24  Roach x2  
  107  9:30  Roach  
  113  9:34  Roach x2  
  113  9:36  Overlord  
  117  9:39  Roach  
  117  9:42  Roach x4, Hatchery  
  117  9:44  Overlord  
  126  9:51  Drone x2  
  126  9:52  Zerg Missile Weapons Level 2  
  128  9:56  Drone  
  128  9:57  Roach  
  129  10:01  Ravager x5  
  129  10:04  Roach  
  129  10:05  Roach  
  138  10:11  Overlord  
  138  10:12  Roach  
  140  10:17  Infestation Pit  
  140  10:19  Roach x2  
  140  10:24  Roach x2  
  137  10:33  Roach x2  
  137  10:34  Roach  
  142  10:38  Roach  
  142  10:42  Roach x2  
  148  10:47  Roach  
  148  10:49  Roach  
  152  10:53  Roach  
  154  10:57  Roach  
  154  10:58  Roach  
  154  11:00  Roach  
  158  11:06  Roach x2  
  152  11:13  Roach x2  
  134  11:20  Roach  
  134  11:21  Roach x4  
  134  11:22  Roach  
  134  11:26  Roach x2  
  134  11:28  Roach  
  138  11:33  Roach x3  
  138  11:36  Roach, Ravager  
  138  11:37  Ravager  
  138  11:39  Roach  
  150  11:41  Roach  
  150  11:43  Roach  
  150  11:45  Roach  
  156  11:48  Roach  
  156  11:50  Roach  
  160  11:58  Overlord x2  
  160  12:08  Zerg Ground Armor Level 1, Overlord  
  160  12:15  Overlord  
  158  12:20  Roach  
  158  12:21  Roach x4  
  158  12:22  Roach x2  
  168  12:23  Roach x2  
  172  12:34  Roach  
  174  12:43  Roach x4  
  182  12:46  Roach  
  182  12:48  Roach  
  186  12:55  Hatchery  
  185  13:16  Roach x2  
  185  13:18  Roach  
  169  13:28  Roach x3  
  169  13:29  Roach x7  
  185  13:37  Nydus Canal  
  185  13:45  Overlord x2  
  185  13:46  Tunneling Claws  
  185  13:48  Burrow  
  185  13:53  Nydus Canal  
  185  13:59  Overlord  
  185  14:03  Overlord x2  
  185  14:04  Roach  
  185  14:05  Roach x6  
  199  14:10  Nydus Canal  
  199  14:24  Roach x3  
  198  14:31  Roach  
  186  14:34  Roach x2  
  162  14:39  Roach x3  
  142  14:46  Roach x2  
  142  14:49  Roach x5  
  158  14:53  Roach x6  
  158  14:54  Roach  
  170  15:06  Roach x5  
  176  15:11  Roach  
  170  15:14  Roach x2  
  170  15:21  Roach x2  
  176  15:24  Roach x2  
  180  15:29  Roach  
  180  15:30  Nydus Canal  
  180  15:33  Roach x2  
  186  15:36  Roach  
  186  15:39  Roach  
  190  15:44  Roach x3  
  190  15:48  Roach  
  198  15:51  Roach  
  190  16:00  Roach x2  
  165  16:08  Hive  
  151  16:19  Zerg Ground Armor Level 2  
  151  16:20  Drone x3, Extractor  
  151  16:21  Extractor, Drone x3  
  151  16:25  Roach x5  
  165  16:28  Roach  
  165  16:29  Overseer x2  
  167  16:34  Pneumatized Carapace  
  167  16:37  Roach x42  
  167  16:38  Roach x2  
  167  16:39  Roach  
  175  16:47  Roach x4  
  175  16:53  Roach x3  
  187  16:58  Roach x2  
  191  17:18  Overseer  
  191  17:21  Viper  
  191  17:22  Viper  
  197  17:27  Hatchery  
  192  17:35  Roach x10  
  189  17:38  Roach x2  
  183  17:45  Roach  
  183  17:46  Roach x3  
  187  17:53  Zergling x10  
  188  18:01  Roach x4  
  188  18:02  Roach x30  
  188  18:03  Roach x18  
  184  18:17  Roach x4  
  184  18:18  Roach x3  
  168  18:40  Roach x43  
  154  18:41  Roach  
  154  18:42  Roach x6  
  154  18:44  Ravager x2  
  154  18:46  Zergling x4, Roach x34  
  154  18:47  Roach x14  
  172  18:56  Roach x2  
  172  19:08  Roach  
  172  19:09  Roach x3  
  168  19:11  Ravager x2  
  155  19:19  Overseer x3  
  155  19:22  Roach x2  
Show
View Real Time Build Order
Export as new Build Order

Scarlett Zerg - Winner!

Build Orders: Hatch First 

Get SALT Encoding   

  12  0:00  Drone  
  13  0:12  Overlord  
  13  0:17  Drone  
  14  0:30  Drone x2  
  16  0:37  Drone  
  17  0:51  Hatchery  
  17  0:55  Drone  
  17  0:58  Drone  
  18  1:09  Extractor  
  17  1:13  Spawning Pool  
  17  1:15  Drone  
  17  1:19  Drone  
  18  1:28  Drone  
  19  1:39  Drone  
  20  1:51  Overlord  
  20  2:03  Drone x2  
  20  2:04  Queen  
  20  2:08  Queen  
  24  2:13  Metabolic Boost  
  26  2:17  Drone  
  26  2:19  Drone  
  28  2:24  Zergling x2  
  28  2:25  Drone  
  30  2:35  Drone  
  30  2:36  Drone  
  32  2:45  Drone  
  32  2:46  Drone  
  34  2:51  Hatchery  
  34  2:53  Overlord  
  34  2:57  Drone  
  34  3:00  Baneling Nest  
  33  3:05  Overlord  
  33  3:11  Drone x2  
  33  3:12  Zergling x4  
  37  3:17  Drone x4  
  37  3:18  Extractor  
  41  3:23  Drone, Roach Warren  
  41  3:25  Evolution Chamber  
  41  3:27  Drone, Queen  
  41  3:34  Drone  
  44  3:37  Overlord  
  44  3:45  Overlord x2  
  44  3:49  Zergling x6  
  44  3:51  Zergling x4  
  44  3:54  Zerg Missile Weapons Level 1  
  49  3:56  Lair  
  49  4:02  Drone x3  
  52  4:07  Roach  
  52  4:08  Roach, Spine Crawler  
  55  4:15  Roach x2  
  59  4:20  Roach x3  
  65  4:28  Zergling x10, Roach  
  73  4:38  Spine Crawler  
  69  4:39  Roach x3  
  69  4:40  Extractor  
  76  4:45  Roach  
  76  4:48  Zergling x2, Roach  
  75  4:59  Roach  
  65  5:02  Zergling x2, Roach  
  65  5:03  Zergling x12  
  61  5:11  Drone, Overlord x2  
  61  5:16  Drone  
  62  5:21  Drone x2  
  62  5:27  Roach  
  63  5:28  Drone x2  
  65  5:39  Drone x4  
  65  5:41  Ravager x2  
  71  5:43  Drone  
  71  5:48  Ravager  
  71  5:50  Drone x2  
  71  5:53  Drone  
  71  5:56  Drone x2  
  76  5:57  Ravager  
  76  6:02  Drone  
  76  6:03  Drone x2  
  80  6:10  Overseer  
  80  6:11  Drone x3  
  81  6:20  Ravager  
  82  6:33  Zergling x2, Roach x3  
  82  6:34  Zergling x10  
  94  6:42  Drone x2  
  96  6:48  Drone  
  96  6:50  Overlord  
  96  6:51  Overlord  
  96  6:53  Overlord x3  
  97  6:59  Zerg Ground Armor Level 1  
  97  7:04  Overlord  
  97  7:07  Overlord  
  97  7:09  Queen  
  97  7:10  Drone x5  
  104  7:26  Glial Reconstitution  
  104  7:30  Spore Crawler  
  104  7:32  Drone x10, Queen  
  104  7:36  Spore Crawler  
  111  7:37  Spore Crawler  
  111  7:38  Spore Crawler  
  111  7:40  Drone x4  
  107  7:47  Queen  
  104  7:53  Extractor, Hydralisk Den  
  104  7:54  Extractor  
  104  7:57  Drone x2  
  104  7:58  Drone x2  
  103  7:59  Drone  
  103  8:01  Drone  
  97  8:17  Zergling x2  
  97  8:18  Zergling x16  
  97  8:27  Hydralisk  
  97  8:28  Zergling x6, Hydralisk x3  
  107  8:36  Hydralisk  
  107  8:37  Zergling x4  
  110  8:49  Muscular Augments  
  110  8:51  Zergling x16  
  110  8:53  Drone  
  119  8:55  Hydralisk  
  119  8:58  Spore Crawler  
  120  9:07  Hydralisk x3  
  120  9:08  Zergling x2  
  127  9:14  Hydralisk  
  127  9:15  Zergling x6  
  126  9:29  Drone x3  
  129  9:31  Extractor, Drone x4  
  132  9:39  Zerg Missile Weapons Level 2  
  132  9:41  Drone x7  
  132  9:44  Hatchery  
  138  9:50  Drone x3  
  141  9:56  Overlord x5  
  141  10:05  Hydralisk  
  141  10:06  Hydralisk  
  143  10:26  Hatchery  
  143  10:27  Roach x10  
  150  10:33  Roach  
  146  10:41  Roach  
  146  10:42  Roach x5  
  156  10:45  Ravager  
  156  10:46  Roach x3  
  156  10:47  Grooved Spines  
  163  10:51  Roach x2  
  167  11:00  Ravager x2  
  167  11:01  Roach x4  
  174  11:11  Roach x6  
  151  11:28  Drone x8  
  157  11:40  Roach x6  
  169  11:47  Queen  
  169  11:48  Roach x4  
  169  11:53  Roach x3  
  185  12:00  Roach x4  
  193  12:08  Overlord  
  193  12:22  Roach x11  
  193  12:25  Infestation Pit  
  193  12:28  Extractor  
  193  12:29  Extractor  
  186  12:40  Pneumatized Carapace  
  186  12:45  Spine Crawler x2  
  186  12:46  Ravager, Spine Crawler  
  184  12:54  Roach x4  
  184  12:56  Roach  
  194  13:03  Infestor x2  
  194  13:05  Roach  
  198  13:17  Roach x3  
  190  13:27  Roach x5  
  200  13:43  Lurker Den  
  200  13:44  Extractor  
  198  13:49  Ravager  
  198  13:50  Ravager  
  198  14:23  Lair  
  187  14:25  Roach x7  
  188  14:32  Roach  
  188  14:33  Roach x7  
  183  14:40  Hydralisk x8  
  183  14:42  Evolution Chamber  
  184  14:51  Roach x8  
  200  14:53  Roach Warren  
  200  14:59  Hatchery  
  193  15:03  Extractor x2  
  185  15:19  Drone x3  
  188  15:21  Extractor  
  188  15:24  Hydralisk x6  
  188  15:28  Overseer  
  199  15:30  Hive  
  199  15:31  Drone  
  199  15:34  Lurker x2  
  199  15:35  Lurker x3  
  199  15:38  Overseer  
  199  15:47  Ravager  
  196  15:58  Drone x6  
  196  15:59  Drone x2  
  180  16:14  Infestor x2  
  184  16:19  Drone x3  
  184  16:23  Spine Crawler  
  184  16:24  Spine Crawler  
  184  16:25  Spore Crawler  
  184  16:29  Roach x8  
  200  16:36  Overlord  
  200  16:39  Evolution Chamber  
  199  16:43  Spore Crawler, Zerg Ground Armor Level 2  
  194  17:00  Seismic Spines  
  194  17:02  Ravager x2  
  188  17:35  Hydralisk x8  
  199  17:48  Drone  
  199  17:49  Spine Crawler x2  
  198  17:57  Adaptive Talons  
  194  18:00  Lurker x3  
  195  18:07  Extractor, Hatchery  
  195  18:09  Extractor  
  190  18:14  Ravager x3  
  190  18:15  Hydralisk x3  
  183  18:37  Hydralisk x10  
  199  18:45  Ravager  
  192  19:04  Hydralisk x4  
  192  19:05  Hydralisk  
  192  19:18  Hydralisk x4  
Tags
 
Add a new tag
Caveats
  • Supply blocks, unpowered buildings, or Contaminate may cause inaccurate times.
  • Supply counts are checked every 10 seconds.